 Dungeon Crawl Stone Soup version 0.31-a0-150-g89dc3ad700 (webtiles) character file.

Game seed: 13627478102321277002

16 qw the Shooter (level 2, 0/17 HPs)
             Began as a Gargoyle Hunter on June 8, 2023.
             Slain by an adder (2 damage)
             ... on level 1 of the Dungeon.
             The game lasted 00:00:14 (652 turns).

qw the Shooter (Gargoyle Hunter)                     Turns: 652, Time: 00:00:14

Health: 0/17       AC:  7    Str: 14    XL:     2   Next: 54%
Magic:  2/2        EV: 10    Int:  9    God:
Gold:   110        SH:  0    Dex: 13    Spells: 1/1 levels left

rFire   . . .        Y - +0 shortbow
rCold   . . .        (shield currently unavailable)
rNeg    + . .        d - +0 ring mail
rPois   inf          (no helmet)
rElec   +            (no cloak)
rCorr   .            (no gloves)
SInv    .            (no boots)
Will    .....        (no amulet)
Stlth   +            (no ring)
HPRegen 0.22/turn    (no ring)
MPRegen 0.08/turn

%: no passive effects
@: no status effects
A: sickness immunity, AC +2, negative energy resistance 1, electricity
resistance, torment resistance 1, petrification resistance
a: no special abilities


You were on level 1 of the Dungeon.
You visited 1 branch of the dungeon, and saw 2 of its levels.

You collected 110 gold pieces.


Innate Abilities, Weirdness & Mutations

You are immune to sickness and miasma.
Your stone body is resilient. (AC +2)
You are immune to poison.
You resist negative energy. (rN+)
You are resistant to electric shocks. (rElec)
You are resistant to unholy torment.
You are immune to petrification.


   Skills:
 - Level 2.1 Fighting
 - Level 4.6 Ranged Weapons
 + Level 0.0 Armour
 - Level 1.5 Dodging
 - Level 1.1 Stealth


You had one spell level left.
You didn't know any spells.
Your spell library was empty.

Inventory:

Hand Weapons
 Y - a +0 shortbow (weapon)
Armour
 d - a +0 ring mail (worn)
Potions
 i - a potion of cancellation
 j - a potion of heal wounds

Dungeon Overview and Level Annotations

Branches:
Dungeon (2/15)

Altars:


Message History

There is a stone staircase leading up here.
There are monsters nearby!
Waypoint 1 assigned to D:2.
You shoot an arrow. The arrow closely misses the kobold.
You shoot an arrow. The arrow closely misses the kobold.
The kobold throws a stone.
The stone closely misses you.
You shoot an arrow. The arrow barely misses the kobold.
The kobold closely misses you.
You shoot an arrow. The arrow barely misses the adder.
The kobold hits you with a +0 short sword.
A hobgoblin comes into view.
The adder barely misses you.
The kobold hits you with a +0 short sword.
The adder closely misses you.
648 ||| STAIRDANCE The endoplasm freezes you.
You are frozen.
The adder closely misses you.
The kobold hits you with a +0 short sword.
You climb upwards.
There is a stone staircase leading down here.
Enter note:
Enter note:
Enter note:
Enter note:
Enter note: You shoot an arrow.
The arrow hits the adder.
The adder is moderately wounded.
The adder closely misses you. The endoplasm completely misses you.
The kobold barely misses you.
You shoot an arrow. The arrow barely misses the adder.
The adder completely misses you.
The endoplasm hits you but does no damage.
The kobold hits you but does no damage. The adder bites you.
You shoot an arrow.
The arrow hits the adder but does no damage.
The adder is moderately wounded.
The adder bites you. The endoplasm freezes you.
You are frozen.
The kobold hits you but does no damage. The adder bites you.
You die...

.................................
.....##.........##...............
................##...............
..#......##............##........
..#......##............##........
..#..............................
..#..............................
.##...##.........S........##.....
.##...##........@.........##.....
.##............JK..............#.
.##............................#.
.##......##............##......#.
.........##............##......#.
...(###.........##...............
.##.............##.........#.#..#
.##.#......................#.#..#
.......)...............#####.#..#


You could see an adder, an endoplasm and a kobold.

Vanquished Creatures
  A ball python (D:1)
  2 endoplasms (D:1)
  3 goblins (D:1)
  A hobgoblin (D:1)
  A quokka (D:1)
  A bat (D:1)
  2 frilled lizards (D:1)
  A kobold (D:1)
  3 rats (D:1)
15 creatures vanquished.

Notes
Turn   | Place    | Note
-------+----------+-------------------------------------------
     0 | D:1      | qw the Gargoyle Hunter began the quest for the Orb.
     0 | D:1      | Reached XP level 1. HP: 12/12 MP: 1/1
     0 | D:1      | 0 ||| qw: Version: 0.2-a-119-g7aa9181
     0 | D:1      | 0 ||| qw: Game counter: 2936
     0 | D:1      | 0 ||| qw: Always use a shield: true
     0 | D:1      | 0 ||| qw: God list: Okawaru
     0 | D:1      | 0 ||| qw: Allow faded altars: false
     0 | D:1      | 0 ||| qw: Do Orc after D:15 true
     0 | D:1      | 0 ||| qw: Do second Lair branch before Depths: true
     0 | D:1      | 0 ||| qw: Lair rune preference: random
     0 | D:1      | 0 ||| qw: Plans: Normal
     0 | D:1      | 0 ||| PLANNING D:1-11
    49 | D:1      | Reached XP level 2. HP: 17/17 MP: 2/2
   585 | D:1      | 585 ||| UPGRADING to +0 ring mail.
   595 | D:1      | 595 ||| DROPPING +0 leather armour.
   596 | D:1      | 596 ||| READING scroll labelled ASEDASA XIUSUE.
   597 | D:1      | 597 ||| READING scroll labelled JOYZ ZI CE NIT.
   598 | D:1      | 598 ||| READING scroll labelled PAECUA IDDIDE.
   599 | D:1      | 599 ||| DRINKING 2 orange potions.
   600 | D:1      | 600 ||| DRINKING 2 fizzy red potions.
   601 | D:1      | 601 ||| DRINKING 2 silvery potions.
   602 | D:1      | 602 ||| DROPPING scroll of butterflies.
   603 | D:1      | 603 ||| DROPPING potion of attraction.
   648 | D:2      | 648 ||| STAIRDANCE
   652 | D:1      | HP: 2/17 [frozen (4)]
   652 | D:1      | Slain by an adder

Levels and vault maps discovered:
D:1:      dpeg_arrival_stonehenge_8_columns, layout_basic
D:2:      layout_rooms, serial_shops, shop, basic_altar

Action                     || total
---------------------------++-------
   Fire: Shortbow          ||    46
    Use: Scroll            ||     3
         Potion            ||     3
 Armour: Leather armour    ||     3
         Ring mail         ||     3
  Dodge: Dodged            ||    15

Table legend:
 A = Non-vault XP
 B = Vault XP
 C = Vault XP percentage of total XP
 D = Non-vault monster count
 E = Vault monster count
 F = Vault count percentage of total count
                 A         B        C        D         E       F
            +---------+---------+-------+---------+---------+-------
      Total |      23 |       0 |   0.0 |      15 |       0 |   0.0
            +---------+---------+-------+---------+---------+-------
        D:1 |      23 |       0 |   0.0 |      15 |       0 |   0.0
            +---------+---------+-------+---------+---------+-------
